Map: King's Cove LE

Players

Mez

  • Race: Terran Terran
  • League: Master
  • Spawn Location: 11:00

A.I. 1 (Very Easy) - Winner!

  • Race: Zerg Zerg
  • Spawn Location: 5:00

VOD

Have the link to the VOD?

Description

Time

  • Played on: Aug. 16, 2019, 5:11 a.m.
  • Length: 8:31
Show
View Real Time Build Order
Export as new Build Order

Mez Terran 

Build Orders: Reaper Expand, Hellion Banshee 

Get SALT Encoding   

  12  0:01  SCV  
  13  0:13  SCV  
  14  0:18  Supply Depot  
  14  0:25  SCV  
  15  0:40  SCV  
  15  0:41  Barracks  
  16  0:46  Refinery  
  16  0:52  SCV  
  17  1:04  SCV  
  18  1:16  SCV  
  19  1:28  Reaper  
  19  1:29  Orbital Command  
  20  1:46  Command Center  
  20  1:55  SCV, Supply Depot  
  20  2:00  Marine  
  22  2:07  SCV  
  23  2:19  Factory  
  23  2:23  Barracks Reactor  
  23  2:24  SCV  
  24  2:36  SCV  
  25  2:46  Command Center  
  25  2:48  SCV  
  26  2:58  Orbital Command  
  26  3:00  SCV  
  27  3:05  Starport  
  27  3:11  Refinery  
  27  3:14  SCV  
  28  3:22  Hellion x2  
  28  3:27  SCV, Marine  
  34  3:36  SCV  
  34  3:39  SCV  
  36  3:47  Starport Tech Lab  
  36  3:49  Hellion x2, SCV  
  36  3:51  SCV  
  42  3:58  Orbital Command  
  42  4:02  SCV  
  43  4:03  SCV  
  43  4:06  Banshee  
  47  4:11  Cloaking Field  
  47  4:14  SCV  
  47  4:15  SCV  
  51  4:25  Supply Depot  
  51  4:26  SCV  
  51  4:27  Hellion, SCV  
  51  4:28  Hellion, Supply Depot  
  51  4:30  SCV  
  56  4:38  SCV  
  57  4:39  SCV  
  57  4:42  SCV  
  59  4:49  Banshee  
  62  4:59  Factory, Refinery  
  62  5:00  Factory  
  62  5:01  Refinery, SCV  
  62  5:02  SCV x2  
  69  5:07  Hellion x2  
  69  5:12  Engineering Bay, Supply Depot  
  69  5:13  Orbital Command  
  69  5:14  SCV  
  70  5:18  SCV  
  71  5:21  Supply Depot  
  71  5:26  SCV  
  72  5:30  SCV  
  72  5:31  Hellion x2  
  72  5:34  Banshee  
  80  5:38  SCV  
  80  5:41  SCV  
  80  5:42  SCV  
  83  5:46  Refinery  
  83  5:47  Refinery, Factory Tech Lab x2  
  83  5:50  SCV  
  83  5:53  SCV  
  83  5:54  SCV  
  83  5:56  Armory  
  86  5:57  Armory  
  86  5:58  Engineering Bay  
  86  6:02  SCV  
  87  6:04  Hellion  
  87  6:05  Hellion, SCV  
  87  6:06  SCV  
  93  6:24  Mag-Field Accelerator  
  93  6:31  Supply Depot  
  93  6:34  Supply Depot x2  
  93  6:35  Supply Depot  
  93  6:36  Cyclone, SCV x2, Banshee  
  93  6:38  Cyclone, SCV  
  105  6:41  Factory  
  105  6:43  Factory  
  105  6:59  Supply Depot  
  105  7:01  SCV x3  
  105  7:03  Hellion x2  
  112  7:11  Cyclone  
  112  7:12  Cyclone  
  112  7:13  SCV x3  
  121  7:19  Banshee  
  124  7:25  SCV  
  125  7:32  Factory Tech Lab x2  
  125  7:33  Hellion x2  
  129  7:43  Cyclone  
  129  7:44  Cyclone  
  135  7:52  Cyclone  
  141  8:05  Hellion x2  
  148  8:21  Command Center  
  148  8:25  Supply Depot  
  148  8:27  Supply Depot  
  148  8:28  Supply Depot x2  
Show
View Real Time Build Order
Export as new Build Order

A.I. 1 (Very Easy) Zerg - Winner!

Build Orders: Pool First 

Get SALT Encoding   

  12  0:01  Drone  
  13  0:13  Overlord  
  13  0:18  Drone  
  14  0:37  Spawning Pool  
  14  0:39  Extractor  
  14  0:41  Drone  
  13  0:48  Drone  
  14  0:55  Overlord  
  14  1:25  Zergling x2, Queen  
  17  1:36  Roach Warren  
  17  1:37  Extractor  
  15  1:40  Drone  
  15  1:42  Zergling x2  
  17  1:47  Drone  
  18  2:00  Zergling x2  
  19  2:01  Drone  
  20  2:12  Drone  
  21  2:23  Drone  
  22  2:32  Drone  
  22  2:35  Overlord  
  23  2:39  Drone  
  24  2:46  Drone  
  25  4:52  Zergling x2  
  25  5:41  Lair, Drone, Roach, Overlord  
  28  5:48  Drone  
  29  5:56  Drone  
  29  6:03  Drone  
  30  6:10  Drone  
  31  6:17  Drone  
  32  6:25  Roach  
  32  6:38  Overseer  
  32  6:42  Overseer  
  32  7:10  Roach  
  34  7:23  Hatchery  
Tags
 
Add a new tag
Caveats
  • Supply blocks, unpowered buildings, or Contaminate may cause inaccurate times.
  • Supply counts are checked every 10 seconds.